 Dungeon Crawl Stone Soup version 0.29-a0-266-gf56f883ddd (webtiles) character file.

Game seed: 1359629901138161046

9971 bande the Cleaver (level 11, -10/68 HPs)
             Began as a Gargoyle Fighter on Mar 6, 2022.
             Was the Champion of Okawaru.
             Engulfed by an ice statue's freezing vapour (19 damage)
             ... in an ice cave.
             The game lasted 00:20:58 (12425 turns).

bande the Cleaver (Gargoyle Fighter)               Turns: 12425, Time: 00:20:59

Health: -10/68     AC: 32    Str: 26    XL:     11   Next: 54%
Magic:  16/16      EV:  6    Int:  9    God:    Okawaru [******]
Gold:   925        SH: 10    Dex: 13    Spells: 10/10 levels left

rFire   . . .      SeeInvis +   a - +1 war axe (protect)
rCold   . . .      Faith    +   y - +0 kite shield
rNeg    + . .      Spirit   .   A - +0 plate armour
rPois   ∞          Reflect  .   g - +0 mask of the Dragon {Will+ Slay+3 SInv}
rElec   +          Harm     .   J - +0 cloak
rCorr   .          Rampage  .   f - +1 pair of gloves
Will    +....                   (no boots)
Stlth   ..........              k - amulet of faith
HPRegen 0.21/turn               h - +6 ring of strength
MPRegen 0.15/turn               (no ring)

@: under a protective aura, hasted, studying 2 skills, very quick
A: sickness immunity, AC +8, negative energy resistance 1, electricity
resistance, torment resistance 1, petrification resistance
a: Renounce Religion, Heroism, Finesse, Duel


You were in an ice cave.
You worshipped Okawaru.
Okawaru was exalted by your worship.
You visited 3 branches of the dungeon, and saw 11 of its levels.
You also visited: Sewer and Ice Cave.

You collected 925 gold pieces.

Inventory:

Hand Weapons
 a - a +1 war axe of protection (weapon)
 j - a +1 hand axe of freezing
 q - a +0 war axe
 I - a +1 eveningstar of draining
Armour
 f - a +1 pair of gloves (worn)
 g - the +0 mask of the Dragon (worn) {Will+ Slay+3 SInv}
   (You acquired it on level 2 of the Dungeon)

   Slay:      It affects your accuracy & damage with ranged weapons and melee
   (+3).
   SInv:      It lets you see invisible.
   Will:      It increases your willpower.
 y - a +0 kite shield (worn)
 A - a +0 plate armour (worn)
 J - a +0 cloak (worn)
Jewellery
 e - a ring of ice
 h - a +6 ring of strength (left hand)
 i - an amulet of the acrobat
 k - an amulet of faith (around neck)
 C - a +6 ring of intelligence
 E - an amulet of reflection
 F - a +6 ring of intelligence
Wands
 b - a wand of polymorph (6)
 o - a wand of flame (17)
 K - a wand of paralysis (4)
Scrolls
 c - a scroll of amnesia
 t - a scroll of identify
 u - 3 scrolls of enchant weapon
 x - a scroll of enchant armour
 z - a scroll of fog
 B - a scroll of magic mapping
 G - 3 scrolls of teleportation
 H - a scroll of brand weapon
 M - a scroll of fear {unknown}
Potions
 d - a potion of might
 l - 2 potions of brilliance
 m - a potion of ambrosia {unknown}
 p - 4 potions of mutation
 r - 3 potions of curing
 s - a potion of cancellation {unknown}
 v - 2 potions of flight {unknown}
 w - 4 potions of magic {unknown}
 D - a potion of haste
 L - 2 potions of berserk rage {unknown}


   Skills:
 + Level 7.7 Fighting
 + Level 10.1 Axes
 + Level 8.6 Armour
 - Level 0.1 Dodging
 - Level 0.2 Stealth
 + Level 7.4 Shields
 * Level 6.9 Invocations
 * Level 6.2 Evocations


You had 10 spell levels left.
You didn't know any spells.
Your spell library contained the following spells:

 Spells                   Type           Power      Damage    Failure   Level
 Gell's Gravitas          Tloc           0%         N/A       100%        3
 Lesser Beckoning         Tloc           0%         N/A       100%        3
 Teleport Other           Tloc           0%         N/A       100%        3
 Dispersal                Tloc           0%         N/A       100%        6


Dungeon Overview and Level Annotations

Branches:
Dungeon (9/15)             Temple (1/1) D:4            Lair (1/6) D:9
  Sewer (visited)           IceCv (1/1)
    Orc: D:9-12

Altars:
Ashenzari
Dithmenos
Elyvilon
Fedhas
Hepliaklqana
Kikubaaqudgha
Makhleb
Nemelex Xobeh
Okawaru
Qazlal
Trog
Wu Jian
Yredelemnul
Zin
The Shining One

Shops:
D:2 *

Annotations:
D:5 1 runed translucent door
D:8 exclusion: oklob plant
D:9 1 runed translucent door, mcwallace's ghost, novice TeFE IceCv exclusion: 3 ice statues


Innate Abilities, Weirdness & Mutations

You are immune to sickness and miasma.
Your stone body is resilient. (AC +8)
You are immune to poison.
You resist negative energy. (rN+)
You are resistant to electric shocks. (rElec)
You are resistant to unholy torment.
You are immune to petrification.


Message History

The ice statue gestures at you.
The bolt of cold hits you but does no damage.
The ice statue gestures at you.
The bolt of cold hits you but does no damage.
You slash the ice statue!
The ice statue is moderately damaged.
Unknown command.
Unknown command.
You hit the ice statue.
The ice statue is heavily damaged.
You hit the ice statue.
The ice statue is heavily damaged.
The ice statue gestures at you.
The shard of ice hits you but does no damage.
The ice statue gestures.
Unknown command.
You slash the ice statue!
The ice statue is heavily damaged.
The ice statue gestures.
The ice statue gestures at you.
The freezing blast engulfs you but does no damage.
You slice the ice statue!!
The ice statue is almost destroyed.
You are engulfed in freezing vapours.
* * * LOW HITPOINT WARNING * * *
The ice statue gestures.
Unknown command.
You barely miss the ice statue.
The ice statue is almost destroyed.
You are engulfed in freezing vapours.
Unknown command.
You hit the ice statue but do no damage.
The ice statue is almost destroyed.
You are engulfed in freezing vapours.
The ice statue gestures at you. You block the shard of ice.
Unknown command.
You slash the ice statue!
The ice statue is almost destroyed.
You closely miss the ice beast.
You are engulfed in freezing vapours.
You die...

##...##
##.....##
#.......#
#....÷..#
#......!#
#!○.○..[#
#[[○○.[.#
####°####
#8@°☼○..#
#☼.Y○Y..#
#.Y..☼..#
#..°....#
#......8#
##.....##
##...##
##8##


You could see 3 ice statues and 3 ice beasts.

Vanquished Creatures
  A hydra (Lair:1)
  An ugly thing (IceCv)
  The ghost of ReploidZero the Twirler, a novice VSGl (D:5)
  2 hornets (D:9)
  Grinder (D:6)
  A wyvern (D:7)
  11 yaks
  Menkaure (D:6)
  A death yak simulacrum (IceCv)
  2 steam dragons
  An acid dragon (D:8)
  2 water moccasins
  3 sky beasts
  6 orc warriors (D:9)
  5 black bears
  3 ice beasts
  2 ogres
  5 centaurs
  2 phantoms
  Blork the orc (D:5)
  3 kobold brigands
  6 bullfrogs
  A necrophage (D:6)
  3 scorpions
  A gnoll sergeant (D:9)
  6 wights (D:8)
  An elephant simulacrum (IceCv)
  10 killer bees
  A howler monkey (D:8)
  8 hounds
  A jelly (D:5)
  3 gnoll shamans
  3 orc priests
  8 iguanas
  Terence (D:2)
  6 orc wizards
  2 polar bear simulacra (IceCv)
  A wolf simulacrum (IceCv)
  11 gnolls
  16 adders
  10 river rats
  4 shadow imps
  15 white imps
  An ufetubus (D:6)
  A worm (D:2)
  3 dart slugs
  25 orcs
  16 ball pythons
  6 endoplasms
  7 giant cockroaches
  7 goblins
  7 hobgoblins
  8 jackals
  7 kobolds
  7 quokkas
  7 bats
  4 frilled lizards
  28 rats
307 creatures vanquished.

Vanquished Creatures (others)
  A gnoll (D:9)
  15 fungi (D:9)
  59 plants
  13 toadstools (D:8)
88 creatures vanquished.

Grand Total: 395 creatures vanquished

Notes
Turn   | Place    | Note
-------+----------+-------------------------------------------
     0 | D:1      | bande the Gargoyle Fighter began the quest for the Orb.
     0 | D:1      | Reached XP level 1. HP: 14/14 MP: 1/1
   245 | D:1      | Reached XP level 2. HP: 19/19 MP: 2/2
   256 | D:1      | Reached skill level 2 in Axes
   427 | D:1      | Reached XP level 3. HP: 19/24 MP: 3/3
   773 | D:1      | Found a faded altar of an unknown god.
  1097 | D:2      | Reached XP level 4. HP: 17/29 MP: 4/4
  1261 | D:2      | Identified a scroll of acquirement
  1261 | D:2      | Acquired the +0 mask of the Dragon {Will+ Slay+3 SInv}
  1261 | D:2      | Found the +0 mask of the Dragon {Will+ Slay+3 SInv}
  1283 | D:2      | Found Byliacw's General Store.
  1305 | D:2      | Reached skill level 3 in Axes
  1458 | D:2      | Noticed Terence
  1466 | D:2      | Killed Terence
  1467 | D:2      | Reached XP level 5. HP: 20/33 MP: 5/5
  2075 | D:3      | Noticed a sky beast
  2090 | D:3      | Killed a sky beast
  2091 | D:3      | Reached skill level 4 in Axes
  2091 | D:3      | Reached XP level 6. HP: 31/38 MP: 6/6
  3294 | D:4      | Found a glowing drain.
  3313 | Sewer    | Entered a sewer
  3344 | Sewer    | Reached skill level 1 in Evocations
  3510 | Sewer    | Reached XP level 7. HP: 38/44 MP: 7/7
  4271 | Sewer    | Reached skill level 5 in Axes
  4646 | D:4      | Found a staircase to the Ecumenical Temple.
  4659 | Temple   | Entered the Ecumenical Temple
  4690 | Temple   | Became a worshipper of Warmaster Okawaru
  4862 | D:4      | Found a basalt altar of Yredelemnul.
  5138 | D:5      | Entered Level 5 of the Dungeon
  5149 | D:5      | Reached skill level 5 in Fighting
  5218 | D:5      | Reached skill level 1 in Invocations
  5553 | D:5      | Reached skill level 5 in Armour
  5559 | D:5      | Reached XP level 8. HP: 45/49 MP: 7/9
  5603 | D:5      | Found a sparkling altar of Nemelex Xobeh.
  5636 | D:5      | Found a runed translucent door.
  5698 | D:5      | Found a shadowy altar of Dithmenos.
  5747 | D:5      | Found a burning altar of Makhleb.
  5797 | D:5      | Found a runed translucent door.
  5802 | D:5      | Noticed Blork the orc
  5805 | D:5      | Reached * piety under Okawaru
  5816 | D:5      | Killed Blork the orc
  5817 | D:5      | Reached skill level 6 in Axes
  6107 | D:5      | Noticed ReploidZero's ghost (novice VSGl)
  6170 | D:5      | Killed ReploidZero's ghost
  6170 | D:5      | Reached ** piety under Okawaru
  6711 | D:6      | Noticed Menkaure
  6718 | D:6      | Killed Menkaure
  6719 | D:6      | Reached XP level 9. HP: 27/55 MP: 11/11
  7095 | D:6      | Reached skill level 5 in Shields
  7163 | D:6      | Reached *** piety under Okawaru
  7164 | D:6      | Reached skill level 7 in Axes
  7792 | D:6      | Noticed Grinder
  7799 | D:6      | Killed Grinder
  7944 | D:6      | Found an ornate altar of the Wu Jian Council.
  8036 | D:6      | Reached **** piety under Okawaru
  8440 | D:6      | Acquired a manual of Armour
  8470 | D:7      | Reached skill level 8 in Axes
  8470 | D:7      | Reached XP level 10. HP: 61/61 MP: 13/13
  8486 | D:7      | Reached ***** piety under Okawaru
  8487 | D:7      | Reached skill level 5 in Invocations
  9095 | D:8      | Reached skill level 5 in Evocations
  9390 | D:8      | Found a hazy altar of Hepliaklqana.
  9392 | D:8      | Found a stormy altar of Qazlal.
  9517 | D:8      | Found a glowing golden altar of the Shining One.
  9527 | D:8      | Found a bloodstained altar of Trog.
  9550 | D:8      | Found a blossoming altar of Fedhas.
  9588 | D:8      | Reached skill level 9 in Axes
  9594 | D:8      | Noticed an oklob plant
 10228 | D:9      | Received a gift from Okawaru
 10270 | D:9      | Found a glowing silver altar of Zin.
 10363 | D:9      | Reached XP level 11. HP: 51/67 MP: 15/15
 10372 | D:9      | Reached ****** piety under Okawaru
 10522 | D:9      | Received a gift from Okawaru
 10530 | D:9      | Found a runed translucent door.
 10723 | D:9      | Noticed mcwallace's ghost (novice TeFE)
 11181 | D:9      | Found a staircase to the Lair.
 11861 | Lair:1   | Entered Level 1 of the Lair of Beasts
 11861 | Lair:1   | Noticed an eight-headed hydra
 11868 | Lair:1   | Killed an eight-headed hydra
 11880 | Lair:1   | Reached skill level 10 in Axes
 11885 | Lair:1   | Found a frozen archway.
 11895 | IceCv    | Entered an ice cave
 12166 | IceCv    | Noticed a white ugly thing
 12194 | IceCv    | Killed a white ugly thing
 12425 | IceCv    | Engulfed by an ice statue's freezing vapour

Illustrated notes

Levels and vault maps discovered:
D:1:      lightli_molten_gateway, layout_basic,
          shapermc_ecumenical_altar_starsandcircs, due_unseen_surprise
D:2:      minmay_skewed_foursquare, layout_rooms, serial_shops,
          nicolae_shop_crystal, minmay_diced_spiral, uniq_terence
D:3:      layout_loops_cross
D:4:      layout_basic, lemuel_tele_altar, minmay_temple_entry_glass,
          portal_sewer_entry_f
D:5:      layout_rooms, lemuel_doored_altar,
          mainiacjoe_overflow_surrounded_room, kennysheep_little_box,
          ebering_ghost_sewer_f, supply_closet_lemuel, minmay_misc_feat_iff,
          uniq_blork_the_orc
D:6:      minmay_polygon_palace, layout_loops_corners,
          mainiacjoe_overflow_brackets, minmay_manual_mares, uniq_grinder,
          uniq_menkaure
D:7:      layout_rooms
D:8:      layout_rooms, grunt_temple_overflow_open, tgw_fedhas,
          mainiacjoe_overflow_big_doors
D:9:      layout_long_grid, zin_academy, grunt_lair_entry_orc_guard_hut,
          ebering_ghost_reflecting_pool, minivault_25, minivault_11, minmay_puff
Temple:   jpeg_temple_alley_garden
Lair:1:   layout_hall_layers, portal_ice_cave_entry_imps,
          gauntlet_entry_generic, st_stairs_5, grunt_megastairs_5, uniq_maggie,
          uniq_gastronok
IceCv:    ice_cave_statue_garden_chambered

Skill      XL: |  1  2  3  4  5  6  7  8  9 10 11 |
---------------+----------------------------------+-----
Axes           | 2 3 4 5 6 8 9 10 | 10.1
Armour         | 4 5 6 7 8 |  8.6
Fighting       | 4 5 6 7 |  7.7
Shields        | 4 5 6 7 |  7.4
Evocations     | 1 2 3 4 5 6 |  6.2
Invocations    | 1 3 4 6 |  6.9
Dodging        | |  0.1
Stealth        | |  0.2

Action                   |  1- 3 |  4- 6 |  7- 9 | 10-12 || total
-------------------------+-------+-------+-------+-------++-------
Melee: War axe           |   102 |   155 |   255 |   407 ||   919
       Hand axe          |       |    36 |       |       ||    36
       Eveningstar       |       |       |       |     6 ||     6
Invok: Heroism           |       |       |       |     1 ||     1
  Use: Scroll            |       |    11 |     6 |     3 ||    20
       Potion            |       |       |     1 |     6 ||     7
Armor: Scale mail        |    67 |   130 |    79 |       ||   276
       Plate armour      |       |       |   187 |   328 ||   515
Dodge: Dodged            |    77 |    97 |   102 |   104 ||   380
Block: Buckler           |    36 |    60 |    23 |       ||   119
       Kite shield       |       |       |   132 |   217 ||   349

Table legend: (Time is in decaauts)
 A = Elapsed time spent in this place.
 B = Non-inter-level travel time spent in this place.
 C = Inter-level travel time spent in this place.
 D = Time resting spent in this place.
 E = Time spent auto-exploring this place.
 F = Levels seen in this place.
 G = Mean time per level.
                   A        B        C        D        E       F      G
               +--------+--------+--------+--------+--------+-----+--------+
         Total |  12740 |  12641 |     99 |   3573 |   6200 |  13 |  980.0 |
       Dungeon |  10843 |  10744 |     99 |   2465 |   5798 |   9 | 1204.8 |
        Temple |     59 |     59 |      0 |      0 |      0 |   1 |   59.0 |
          Lair |     33 |     33 |      0 |      0 |      0 |   1 |   33.0 |
         Sewer |   1275 |   1275 |      0 |    678 |    402 |   1 | 1275.0 |
      Ice Cave |    528 |    528 |      0 |    430 |      0 |   1 |  528.0 |
               +--------+--------+--------+--------+--------+-----+--------+

Top non-repeatable levels by time:
     D:6: 2223 daAuts
     D:9: 1645 daAuts
   Sewer: 1275 daAuts
     D:8: 1238 daAuts
     D:3: 1187 daAuts
     D:5: 1151 daAuts
     D:2: 1103 daAuts
     D:1: 987 daAuts
     D:4: 688 daAuts
     D:7: 617 daAuts
   IceCv: 528 daAuts
  Temple: 59 daAuts
  Lair:1: 33 daAuts
